AoeStats
← Pocket Hunter

Nomad

509672115Analyzed
2v2 RM · 3d ago on Sep 27, 2026· 57m 52s· 4 players
Game mode
Random Map
Map size
176×176
Population
200
Speed
Normal
Resources
Standard
Victory
Conquest
Starting age
Dark Age
Ending age
Imperial Age
RankedLock teamsTeams togetherTeam positionsShared explorationLock speedFull tech treeHidden civsTurbo modeCheats
Victory
Defeat
🇨🇴 Burmese · Colombia
753
+15
🇺🇸 Malay · United States
703
+16
🇧🇷 Teutons · Brazil
758
-17
🇦🇷 Vikings · Argentina
685
-14
Pocket Hunter
3:36 Loom
16:47 Feudal Age
16:20 Fishing Lines
17:19 Wheelbarrow
16:31 Double-Bit Axe
17:17 Town Watch
17:26 Gold Mining
22:55 Castle Age
20:43 Arson
22:22 Stone Mining
22:52 Hand Cart
25:00 Stone Shaft Mining
25:25 Bow Saw
28:43 Forging
28:24 Fletching
28:44 Man-at-Arms
30:46 Scale Barding Armor
31:30 Gold Shaft Mining
31:07 Bodkin Arrow
31:47 Gillnets
34:55 Thalassocracy
39:08 Iron Casting
38:34 Padded Archer Armor
38:36 Murder Holes
39:01 Ballistics
38:22 Treadmill Crane
38:33 Heated Shot
43:32 Imperial Age
40:59 Long Swordsman
41:40 Squires
41:56 Leather Archer Armor
42:26 Two-Handed Swordsman
44:03 Crossbowman
44:51 Thumb Ring
47:02 Chemistry
45:47 Capped Ram
49:32 Blast Furnace
51:38 Heavy Scorpion
56:46 Conscription
Brianbuu
4:21 Loom
4:36 Loom
6:15 Loom
16:11 Feudal Age
19:04 Fishing Lines
20:59 Wheelbarrow
23:49 Castle Age
23:23 Gold Mining
23:27 Stone Mining
23:33 Horse Collar
24:37 Gillnets
24:59 Heavy Plow
26:01 Hand Cart
26:47 Gold Shaft Mining
26:36 Caravan
33:45 Imperial Age
31:16 Murder Holes
31:19 Fletching
32:28 Scale Barding Armor
32:34 Forging
32:22 Bodkin Arrow
34:15 Town Watch
33:57 Pikeman
34:37 Squires
34:23 Gambesons
34:51 Light Cavalry
35:42 Bloodlines
35:32 Husbandry
34:55 Elite Skirmisher
36:23 Ballistics
36:14 Masonry
38:19 Crop Rotation
37:21 Halberdier
38:52 Conscription
38:35 Manipur Cavalry
39:23 Padded Archer Armor
41:24 Chain Barding Armor
40:28 Hussar
42:47 Bracer
42:48 Scale Mail Armor
43:24 Iron Casting
43:25 Plate Barding Armor
44:25 Howdah
44:46 Chain Mail Armor
46:20 Chemistry
48:27 Plate Mail Armor
48:58 Blast Furnace
50:00 Elite Arambai
51:04 Crossbowman
52:37 Architecture
51:47 Treadmill Crane
53:53 Crossbowman
54:27 Elite Cannon Galleon
theilor.taiariol
14:23 Feudal Age
15:51 Double-Bit Axe
16:02 Horse Collar
17:34 Man-at-Arms
18:08 Arson
18:24 Arson
20:09 Scale Mail Armor
24:06 Gold Mining
24:07 Stone Mining
27:30 Castle Age
26:23 Forging
28:19 Pikeman
29:03 Squires
28:48 Gambesons
29:41 Chain Mail Armor
30:01 Iron Casting
34:24 Stone Shaft Mining
41:32 Imperial Age
43:49 Conscription
44:32 Blast Furnace
44:15 Plate Mail Armor
43:21 Elite Teutonic Knight
Musaf
15:25 Loom
17:25 Feudal Age
18:20 Double-Bit Axe
19:02 Horse Collar
21:46 Fishing Lines
22:04 Gold Mining
22:52 Stone Mining
27:25 Castle Age
25:51 Man-at-Arms
26:19 Arson
26:47 Forging
26:37 Scale Mail Armor
26:28 Fletching
26:39 Padded Archer Armor
32:52 Squires
32:14 Pikeman
33:50 Chain Mail Armor
38:01 Iron Casting
44:10 Heavy Plow
44:58 Town Watch
48:56 Imperial Age
48:09 Murder Holes
48:36 Ballistics
51:33 Capped Ram
53:18 Conscription
53:57 Town Patrol
54:58 Elite Berserk
57:26 Crop Rotation
Connection lost

Rejoining the realm…

Still unreachable

The connection could not be restored.

Session expired

The server has moved on; the page needs a fresh start.